 Dungeon Crawl Stone Soup version 0.29-a0-375-g5102b3be25 (webtiles) character file.

Game seed: 11424148125848076092

68 timneilson the Shield-Bearer (level 4, -2/28 HPs)
             Began as a Gargoyle Fighter on May 3, 2022.
             Slain by Grinder (6 damage)
             ... while paralysed by Grinder
             ... on level 3 of the Dungeon.
             The game lasted 00:03:34 (1663 turns).

timneilson the Shield-Bearer (Gargoyle Fighter)     Turns: 1663, Time: 00:03:35

Health: -2/28      AC: 14    Str: 21    XL:     4   Next: 19%
Magic:  4/4        EV:  2    Int:  9    God:
Gold:   78         SH:  0    Dex:  9    Spells: 3/3 levels left

rFire   . . .      SeeInvis .   a - +1 long sword
rCold   . . .      Faith    .   c - +0 buckler
rNeg    + . .      Spirit   .   b - +0 scale mail
rPois   ∞          Reflect  .   e - +0 helmet
rElec   +          Harm     .   (no cloak)
rCorr   .          Rampage  .   l - +0 pair of gloves
Will    .....                   k - +0 pair of boots
Stlth   ..........              (no amulet)
HPRegen 0.09/turn               (no ring)
MPRegen 0.09/turn               (no ring)

@: paralysed, mighty
A: sickness immunity, AC +3, negative energy resistance 1, electricity
resistance, torment resistance 1, petrification resistance
a: no special abilities


You were on level 3 of the Dungeon.
You visited 1 branch of the dungeon, and saw 3 of its levels.

You collected 78 gold pieces.

Inventory:

Hand Weapons
 a - a +1 long sword (weapon)
Armour
 b - a +0 scale mail (worn)
 c - a +0 buckler (worn)
 e - a +0 helmet (worn)
 k - a +0 pair of boots (worn)
 l - a +0 pair of gloves (worn)
Scrolls
 f - 2 scrolls of identify
 h - 4 scrolls of teleportation
 m - a scroll of enchant weapon
Potions
 g - a potion of magic
 i - 2 potions of curing


   Skills:
 + Level 3.5 Fighting
 * Level 2.5 Long Blades
 * Level 3.9 Armour
 + Level 0.9 Dodging
 * Level 3.9 Shields


You had 3 spell levels left.
You didn't know any spells.
Your spell library was empty.

Dungeon Overview and Level Annotations

Branches:
Dungeon (3/15)

Altars:

Annotations:
D:3 1 transporter, Grinder


Innate Abilities, Weirdness & Mutations

You are immune to sickness and miasma.
Your stone body is resilient. (AC +3)
You are immune to poison.
You resist negative energy. (rN+)
You are resistant to electric shocks. (rElec)
You are resistant to unholy torment.
You are immune to petrification.


Message History

You block the bat's attack.
You barely miss the bat. The bat hits you but does no damage.
Found a scroll of enchant weapon.
You block the bat's attack. The bat hits you but does no damage. x2
You barely miss the bat. The bat closely misses you.
A goblin comes into view. It is wielding a +0 dagger.
The bat hits you but does no damage.
Grinder comes into view.
Found a stone staircase leading down.
Grinder shouts!
The bat hits you but does no damage.
You barely miss the bat. The bat barely misses you.
The bat hits you but does no damage.
Grinder blinks!
You closely miss Grinder. The bat completely misses you. Grinder hits you.
You writhe in agony.
You hit Grinder but do no damage. The bat barely misses you.
Grinder gestures at you. You resist with significant effort. Grinder hits you!
You writhe in agony.
The goblin hits you but does no damage. The bat hits you but does no damage.
You barely miss Grinder. The bat hits you but does no damage.
The goblin hits you but does no damage.
Grinder blinks!
You hit Grinder.
Grinder is lightly wounded.
The bat hits you but does no damage. The goblin hits you with a +0 dagger.
Grinder misses you.
You feel very mighty all of a sudden. You block the bat's attack.
The goblin hits you with a +0 dagger. Grinder hits you.
* * * LOW HITPOINT WARNING * * *
You writhe in agony.
* * * LOW HITPOINT WARNING * * *
You closely miss Grinder.
Grinder is lightly wounded.
The bat barely misses you. The goblin barely misses you.
Grinder gestures at you.
You suddenly lose the ability to move!
The bat hits you but does no damage. The goblin hits you with a +0 dagger.
* * * LOW HITPOINT WARNING * * *
Grinder hits you.
You die...

..##.. . .....
....... ...#...
....... ####### ..
....$..####.....##...
.>................^..
#...g@b....<.......
##.##5..#..........
..?............©....
####.#.###..#######.
#.#.. ...#8.©.8#. .
######.#P.[.P#. #.
#.###+###. #
#.#S...≈#. #.#≈...≈#


You could see Grinder, a goblin and a bat.

Vanquished Creatures
  2 adders (D:2)
  A worm (D:2)
  A dart slug (D:1)
  4 ball pythons
  3 bats
  7 endoplasms
  4 goblins
  5 hobgoblins
  2 jackals (D:1)
  A quokka (D:2)
  4 frilled lizards (D:1)
  6 kobolds
  5 rats
45 creatures vanquished.

Notes
Turn   | Place    | Note
-------+----------+-------------------------------------------
     0 | D:1      | timneilson the Gargoyle Fighter began the quest for the
                  | Orb.
     0 | D:1      | Reached XP level 1. HP: 14/14 MP: 1/1
    90 | D:1      | Reached XP level 2. HP: 7/19 MP: 2/2
   506 | D:1      | Reached XP level 3. HP: 15/23 MP: 3/3
  1056 | D:2      | Reached XP level 4. HP: 19/28 MP: 4/4
  1645 | D:3      | Found a transporter.
  1654 | D:3      | Noticed Grinder
  1662 | D:3      | Paralysed by Grinder for 3 turns
  1663 | D:3      | Slain by Grinder

Illustrated notes

Levels and vault maps discovered:
D:1:      scummos_arrival_gate, layout_rooms
D:2:      layout_rooms
D:3:      gammafunk_steamed_eel, layout_basic, serial_shops,
          nicolae_shop_hallway_plus, gammafunk_ghost_mausoleum,
          shapermc_ecumenical_altar_notcrosses, uniq_grinder

Skill      XL: |  1 |
---------------+----+-----
Long Blades    | 2 |  2.5
Fighting       | |  3.5
Armour         | |  3.9
Dodging        | |  0.9
Shields        | |  3.9

Action                   |  1- 3 |  4- 6 || total
-------------------------+-------+-------++-------
Melee: Long sword        |   110 |    41 ||   151
  Use: Scroll            |     6 |     3 ||     9
       Potion            |       |     1 ||     1
Armor: Scale mail        |    74 |    25 ||    99
Dodge: Dodged            |    61 |    28 ||    89
Block: Buckler           |    30 |    13 ||    43

Table legend: (Time is in decaauts)
 A = Elapsed time spent in this place.
 B = Non-inter-level travel time spent in this place.
 C = Inter-level travel time spent in this place.
 D = Time resting spent in this place.
 E = Time spent auto-exploring this place.
 F = Levels seen in this place.
 G = Mean time per level.
                   A        B        C        D        E       F      G
               +--------+--------+--------+--------+--------+-----+--------+
         Total |   1712 |   1656 |     56 |      0 |   1227 |   3 |  570.7 |
       Dungeon |   1712 |   1656 |     56 |      0 |   1227 |   3 |  570.7 |
               +--------+--------+--------+--------+--------+-----+--------+

Top non-repeatable levels by time:
     D:1: 986 daAuts
     D:2: 704 daAuts
     D:3: 20 daAuts
